 Dungeon Crawl Stone Soup version 0.19.1 (webtiles) character file.

24803 Maskull the Blocker (level 13, 0/80 HPs)
             Began as a Gargoyle Fighter on Dec 23, 2016.
             Was the Champion of Cheibriados.
             Slain by a hill giant
             ... wielding a +0 giant spiked club
              (16 damage)
             ... while paralysed by an ogre mage
             ... on level 2 of the Orcish Mines.
             The game lasted 00:34:31 (12616 turns).

Maskull the Blocker (Gargoyle Fighter)             Turns: 12616, Time: 00:34:32

Health: 0/80       AC: 28    Str: 40      XL:     13   Next: 15%
Magic:  16/16      EV:  2    Int: 24      God:    Cheibriados [******]
Gold:   213        SH:  0    Dex: 22 (24) Spells: 0 memorised, 12 levels left

rFire  + . .     SeeInvis .     a - +3 flail
rCold  . . .     Gourm    .     e - +2 plate armour {rF+}
rNeg   + . .     Faith    .     k - +3 shield
rPois  ∞         Spirit   .     h - +0 helmet
rElec  +         Reflect  +     A - +0 cloak
rCorr  .         Harm     .     (no gloves)
MR     +....                    (no boots)
Stlth  ..........               t - +3 amulet of reflection
                                T - +1 ring of evasion
                                g - ring of protection from magic

@: paralysed, very slow
A: blurry vision 1, low mp 1, negative energy resistance 1, sense surroundings
1, electricity resistance, unbreathing, petrification resistance, rot immunity,
AC +9
a: Bend Time, Temporal Distortion, Slouch, Step From Time, Renounce Religion


You were on level 2 of the Orcish Mines.
You worshipped Cheibriados.
Cheibriados was exalted by your worship.
You were not hungry.

You visited 2 branches of the dungeon, and saw 16 of its levels.
You also visited: Sewer and Ice Cave.

You collected 1083 gold pieces.
You spent 870 gold pieces at shops.

Inventory:

Hand Weapons
 a - a +3 flail (weapon)
Armour
 e - a +2 plate armour of fire resistance (worn)
 h - a +0 helmet (worn)
 k - a +3 shield (worn)
 m - a +0 plate armour
 A - a +0 cloak (worn)
Jewellery
 g - a ring of protection from magic (left hand)
 j - an uncursed amulet of harm
 l - an uncursed ring of protection from magic
 t - a +3 amulet of reflection (around neck)
 H - an uncursed ring of resist corrosion
 T - a +1 ring of evasion (right hand)
Wands
 b - a wand of iceblast (6/15)
 i - a wand of iceblast (5/15)
 n - a wand of lightning (5/15)
 p - a wand of flame (17/48)
 q - a wand of flame (29/48)
 w - a wand of iceblast (0/15)
 y - a wand of polymorph (8/24)
 G - a wand of polymorph (4/24)
 L - a wand of lightning (9/15)
 M - a wand of flame (27/48)
 N - a wand of acid (3/15)
 P - a wand of confusion (24/48)
 R - a wand of polymorph (6/24)
Scrolls
 c - 2 scrolls of remove curse
 d - 2 scrolls of fog
 x - a scroll of amnesia
Potions
 f - 3 potions of curing
 o - 5 potions of flight
 s - 5 potions of brilliance
 u - a potion of lignification
 F - a potion of cancellation
Books
 O - a book of Cantrips

   Spells                             Type                      Level
   a - Confusing Touch                Hexes                        1
   b - Animate Skeleton               Necromancy                   1
   c - Summon Small Mammal            Summoning                    1
   d - Apportation                    Translocation                1
Comestibles
 B - 2 meat rations
 D - 7 slices of pizza
 I - 3 beef jerkies
 J - 2 bread rations


   Skills:
 * Level 8.9 Fighting
 * Level 12.2 Maces & Flails
 * Level 10.0 Armour
 + Level 1.3 Stealth
 * Level 13.4 Shields
 * Level 7.7 Invocations
 + Level 0.5 Evocations


You had 12 spell levels left.
You didn't know any spells.

Dungeon Overview and Level Annotations

Branches:
Dungeon (14/15)            Temple (0/1) D:4             Orc (2/2) D:11
    Elf (0/3) Orc:2
   Lair: D:8-11      Vaults: D:13-14

Altars:
Cheibriados
Kikubaaqudgha
Nemelex Xobeh
Sif Muna
Uskayaw

Shops:
D:5 =   D:6 %   D:8 }   Orc:2 *


Innate Abilities, Weirdness & Mutations

You are resistant to torment.
Your stone body is resilient. (AC +9)
You are immune to poison.
You resist negative energy. (rN+)
You are resistant to electric shocks. (rElec)
You can survive without breathing.
You are immune to petrification.
You are immune to rotting.
Scrolls take you a little longer to read.
Your magical capacity is low. (-10% MP)
You passively map a small area around you.


Message History

A troll comes into view.
The troll shouts!
The ogre mage hits you but does no damage.
The troll bites you but does no damage. The troll claws you.
The troll claws you but does no damage.
The ogre hits you with a giant spiked club!
The ogre mage hits you but does no damage.
The two-headed ogre hits you with a giant club!
The two-headed ogre hits you but does no damage.
The troll bites you but does no damage.
The troll claws you but does no damage. x2
The hill giant hits you with a giant spiked club!
* * * LOW HITPOINT WARNING * * *
The ogre hits you but does no damage.
The ogre mage hits you but does no damage.
The troll barely misses you.
The troll claws you but does no damage. x2
The two-headed ogre hits you with a giant club.
* * * LOW HITPOINT WARNING * * *
The two-headed ogre hits you but does no damage.
The hill giant hits you with a giant spiked club!
You die...

, .................... *
, ,
........................
*
..#..............#......
#.......................
#...........[.<)).......
............##).).......
.............#.........#
..#...C#.##.##......#.#.
...T..O@T...)[#.##.#####
≈
......OO....))...####.##
≈ ,
...#...#........#..#....
.....###................
, * .....
##...........#.... ,
#... ........#....#.#...
..# .........#..........
.# ....................
.#* ##
###...................


You could see a hill giant, an ogre mage, 2 trolls, a two-headed ogre and an
ogre.

Vanquished Creatures
  The ghost of empire the Archer, a journeyman CeWn of Nemelex Xobeh (D:12)
  An ogre mage (Orc:2)
  A necromancer (IceCv)
  2 hill giants
  2 orc sorcerers
  A manticore (D:14)
  An ugly thing (D:12)
  2 cyclopes
  2 gargoyles
  A kobold demonologist (D:11)
  10 freezing wraiths (IceCv)
  8 trolls
  Grinder (D:6)
  A wolf spider simulacrum (IceCv)
  3 two-headed ogres
  Prince Ribbit (D:7)
  2 hornets
  4 hippogriffs
  3 wyverns
  Eustachio (D:4)
  A wraith (D:7)
  8 yaks
  5 humans
  3 hogs (D:7)
  Menkaure (D:7)
  A water moccasin (D:8)
  A warg (Orc:1)
  Duvessa (D:7)
  A soldier ant (D:12)
  2 black bears
  14 orc warriors
  A necrophage (D:7)
  8 ice beasts
  3 phantoms
  2 sky beasts
  15 ogres
  2 eyes of draining
  5 centaurs
  A crocodile (D:12)
  3 big kobolds
  7 bullfrogs
  Dowan (D:7)
  2 wyvern skeletons
  6 scorpions
  11 killer bees
  3 elephant simulacra (IceCv)
  A bullfrog zombie (D:8)
  5 crimson imps
  A draconian simulacrum (IceCv)
  5 hounds
  9 orc priests
  18 orc wizards
  2 centaur skeletons (D:12)
  2 bullfrog skeletons
  2 iguanas
  6 worker ants
  4 spriggan simulacra (IceCv)
  3 troll simulacra (IceCv)
  A centaur simulacrum (IceCv)
  A hound zombie (D:7)
  2 worker ant zombies
  13 adders
  A naga simulacrum (IceCv)
  3 ogre simulacra (IceCv)
  A river rat (Sewer)
  6 shadow imps
  24 white imps
  An adder skeleton (D:7)
  2 dart slugs (D:1)
  7 leopard geckos
  40 orcs
  A ball python (D:5)
  7 bats
  2 bat zombies (D:8)
  4 giant cockroaches
  4 goblins
  4 hobgoblins
  7 jackals
  3 quokkas
  4 frilled lizards
  A jackal skeleton (D:4)
  15 kobolds
  A leopard gecko zombie (D:9)
  A quokka zombie (D:8)
  8 rats
  3 rat zombies (D:8)
381 creatures vanquished.

Vanquished Creatures (others)
  A cyclops (D:11)
  A centaur (D:11)
  3 fungi (D:10)
5 creatures vanquished.

Grand Total: 386 creatures vanquished

Notes
Turn   | Place    | Note
-------+----------+-------------------------------------------
     0 | D:1      | Maskull the Gargoyle Fighter began the quest for the Orb.
     0 | D:1      | Reached XP level 1. HP: 14/14 MP: 1/1
   106 | D:1      | Reached XP level 2. HP: 19/19 MP: 2/2
   630 | D:2      | Reached skill level 4 in Shields
   651 | D:1      | Reached XP level 3. HP: 10/23 MP: 3/3
   976 | D:2      | Found a snail-covered altar of Cheibriados.
   983 | D:2      | Became a worshipper of Cheibriados the Contemplative
  1320 | D:3      | Reached XP level 4. HP: 22/28 MP: 4/4
  1339 | D:3      | You fall through a shaft!
  1459 | D:4      | Reached XP level 5. HP: 27/33 MP: 5/5
  1587 | D:4      | Reached skill level 5 in Shields
  1587 | D:4      | Reached XP level 6. HP: 14/38 MP: 6/6
  1644 | D:4      | Found a deep blue altar of Sif Muna.
  1738 | D:4      | Reached * piety under Cheibriados
  1809 | D:4      | Found a glowing drain.
  1816 | Sewer    | Entered a sewer
  1931 | Sewer    | Found a glowing silver altar of Zin.
  2167 | D:4      | Noticed Eustachio
  2194 | D:4      | Killed Eustachio
  2194 | D:4      | Reached XP level 7. HP: 42/43 MP: 7/7
  2525 | D:3      | Reached ** piety under Cheibriados
  2799 | D:4      | Reached skill level 6 in Shields
  2957 | D:4      | Found a staircase to the Ecumenical Temple.
  3170 | D:5      | Entered Level 5 of the Dungeon
  3229 | D:5      | Reached skill level 5 in Maces & Flails
  3232 | D:5      | Reached skill level 5 in Armour
  3255 | D:5      | Reached skill level 1 in Invocations
  3370 | D:5      | Reached XP level 8. HP: 39/48 MP: 8/8
  3621 | D:5      | Found Konwidgh's Jewellery Boutique.
  3786 | D:5      | Reached *** piety under Cheibriados
  3786 | D:5      | Reached skill level 7 in Shields
  3918 | D:6      | Reached skill level 5 in Fighting
  3975 | D:6      | Noticed Grinder
  3982 | D:6      | Killed Grinder
  4023 | D:6      | Reached XP level 9. HP: 37/54 MP: 10/10
  4140 | D:6      | Found Ysungoc's Food Emporium.
  4408 | D:6      | Found a snail-covered altar of Cheibriados.
  5191 | D:7      | Noticed Duvessa
  5192 | D:7      | Noticed Dowan
  5198 | D:7      | Killed Duvessa
  5205 | D:7      | Killed Dowan
  5205 | D:7      | Reached skill level 8 in Shields
  5273 | D:7      | Noticed Prince Ribbit
  5279 | D:7      | Found a hide-covered altar of Uskayaw.
  5557 | D:7      | Killed Prince Ribbit
  5557 | D:7      | Reached **** piety under Cheibriados
  5594 | D:7      | Found a sparkling altar of Nemelex Xobeh.
  5796 | D:7      | Noticed Menkaure
  5802 | D:7      | Killed Menkaure
  5802 | D:7      | Reached XP level 10. HP: 38/61 MP: 12/12
  5992 | D:7      | Reached skill level 9 in Shields
  6367 | D:8      | You fall through a shaft for 3 floors!
  6382 | D:11     | Noticed a gargoyle
  6388 | D:11     | Killed a gargoyle
  6420 | D:11     | Noticed a kobold demonologist
  6435 | D:11     | Killed a kobold demonologist
  6475 | D:11     | Noticed a cyclops
  6476 | D:11     | Killed a cyclops
  6532 | D:10     | Entered Level 10 of the Dungeon
  6537 | D:10     | Noticed a hill giant
  6568 | D:10     | Killed a hill giant
  6568 | D:10     | Reached skill level 10 in Shields
  6568 | D:10     | Reached skill level 5 in Invocations
  6591 | D:10     | Reached XP level 11. HP: 30/67 MP: 14/14
  6610 | D:10     | Reached ***** piety under Cheibriados
  6905 | D:10     | Reached skill level 10 in Maces & Flails
  7412 | D:8      | Found Nuetoul's Quality Used Wands.
  7667 | D:8      | Found an ancient bone altar of Kikubaaqudgha.
  8778 | D:12     | Noticed a hill giant
  8788 | D:12     | Killed a hill giant
  8794 | D:12     | Identified a scroll of acquirement
  8843 | D:12     | Reached skill level 11 in Shields
  8847 | D:12     | You fall through a shaft for 2 floors!
  8854 | D:14     | Noticed a manticore
  8860 | D:14     | Killed a manticore
  8934 | D:13     | Reached skill level 1 in Stealth
  8995 | D:12     | Noticed empire's ghost (journeyman CeWn)
  9030 | D:12     | Killed empire's ghost
  9030 | D:12     | Reached XP level 12. HP: 66/73 MP: 16/16
  9034 | D:12     | Reached ****** piety under Cheibriados
  9117 | D:12     | Found a frozen archway.
  9156 | IceCv    | Entered an ice cave
  9270 | IceCv    | Reached skill level 12 in Shields
  9605 | IceCv    | HP: 2/74 [freezing wraith (19)]
 10265 | IceCv    | Found an ancient bone altar of Kikubaaqudgha.
 10639 | IceCv    | Gained mutation: You passively map a small area around you. [potion of mutation]
 10639 | IceCv    | Gained mutation: Scrolls take you a little longer to read. [potion of mutation]
 10639 | IceCv    | Gained mutation: Your magical capacity is low. (-10% MP) [potion of mutation]
 11180 | D:12     | Noticed a death knight
 11230 | D:11     | Found a staircase to the Orcish Mines.
 11635 | Orc:1    | Entered Level 1 of the Orcish Mines
 11655 | Orc:1    | Noticed a soul eater
 12131 | Orc:2    | Entered Level 2 of the Orcish Mines
 12183 | Orc:2    | Reached skill level 13 in Shields
 12382 | Orc:2    | Reached XP level 13. HP: 53/79 MP: 16/16
 12468 | Orc:2    | Found Taaraf's Assorted Antiques.
 12475 | Orc:2    | Bought a runed plate armour for 870 gold pieces
 12505 | Orc:2    | Found a staircase to the Elven Halls.
 12562 | Orc:2    | Reached skill level 10 in Armour
 12601 | Orc:2    | Noticed an ogre mage
 12611 | Orc:2    | Paralysed by an ogre mage for 7 turns
 12616 | Orc:2    | Slain by a hill giant

Skill      XL: |  1  2  3  4  5  6  7  8  9 10 11 12 13 |
---------------+----------------------------------------+-----
Shields        | 4 5 6 7 8 10 11 13 | 13.4
Maces & Flails | 3 4 5 6 8 9 11 12 | 12.2
Armour         | 4 5 6 8 9 10 | 10.0
Fighting       | 4 5 6 7 8 |  8.9
Invocations    | 1 2 3 5 6 7 |  7.7
Stealth        | 1 |  1.3
Evocations     | |  0.5

Action                   |  1- 3 |  4- 6 |  7- 9 | 10-12 | 13-15 || total
-------------------------+-------+-------+-------+-------+-------++-------
Melee: Flail             |   158 |   179 |   363 |   966 |    71 ||  1737
Evoke: Wand              |       |       |     1 |    13 |       ||    14
  Use: Scroll            |     8 |     2 |     7 |    11 |       ||    28
       Potion            |     1 |     4 |       |    14 |       ||    19
 Stab: Distracted        |       |       |       |     2 |       ||     2
       Invisible         |       |       |       |     1 |       ||     1
  Eat: Beef jerky        |     1 |       |       |       |       ||     1
       Bread ration      |       |     1 |     1 |     1 |       ||     3
       Royal jelly       |       |       |     1 |       |       ||     1
       Pizza             |       |       |     1 |     2 |       ||     3
       Meat ration       |       |       |       |     1 |       ||     1
Armor: Scale mail        |    98 |   119 |   142 |   226 |       ||   585
       Skin              |       |    16 |       |       |       ||    16
       Plate armour      |       |       |       |   152 |    49 ||   201
Dodge: Dodged            |    61 |    69 |    94 |   203 |    23 ||   450
Block: Shield            |    96 |   133 |   302 |  1158 |    88 ||  1777
       Reflection        |       |       |     4 |    38 |       ||    42
